 Dungeon Crawl Stone Soup version 0.26-a0-1033-gd598b01645 (webtiles) character file.

Game seed: 5747092073298033374

119 Ijustatesigmund the Chopper (level 5, -2/47 HPs)
             Began as a Hill Orc Fighter on Dec 10, 2020.
             Killed by nerve-wracking pain
             ... invoked by an orc priest
              (11 damage)
             ... on level 3 of the Dungeon.
             The game lasted 00:03:18 (2073 turns).

Ijustatesigmund the Chopper (Hill Orc Fighter)      Turns: 2073, Time: 00:03:20

Health: -2/47      AC:  9    Str: 19    XL:     5   Next: 3%
Magic:  5/5        EV:  7    Int:  9    God:
Gold:   98         SH: 10    Dex: 10    Spells: 4/4 levels left

rFire    . . .     SeeInvis .   a - +0 war axe
rCold    . . .     Faith    .   c - +1 kite shield
rNeg     . . .     Spirit   .   b - +0 scale mail
rPois    .         Reflect  .   (no helmet)
rElec    .         Harm     .   (no cloak)
rCorr    .         Rampage  .   (no gloves)
Will     .....                  g - +1 pair of boots
Stlth    ..........             (no amulet)
HPRegen  0.15/turn              (no ring)
MPRegen  0.09/turn              (no ring)

@: mighty
A: no striking features
a: Convert to Beogh


You were on level 3 of the Dungeon.
You visited 1 branch of the dungeon, and saw 3 of its levels.

You collected 98 gold pieces.

Inventory:

Hand Weapons
 a - a +0 war axe (weapon)
 n - a +1 antimagic flail
Missiles
 i - 14 poisoned darts (quivered)
Armour
 b - a +0 scale mail (worn)
 c - a +1 kite shield (worn)
 g - a +1 pair of boots (worn)
Jewellery
 m - an uncursed ring of fire
Scrolls
 f - 2 scrolls of teleportation
Potions
 d - a potion of might
 e - a potion of attraction
 h - a potion of flight {unknown}
 j - a potion of invisibility {unknown}
 k - a potion of heal wounds {unknown}
 l - 3 potions of curing {unknown}


   Skills:
 + Level 4.4 Fighting
 + Level 6.1 Axes
 - Level 3.2 Armour
 - Level 3.2 Shields


You had 4 spell levels left.
You didn't know any spells.
Your spell library was empty.

Dungeon Overview and Level Annotations

Branches:
Dungeon (3/15)

Altars:


Message History

The orc priest shouts, "Beogh is our master!
Accept the truth or die!"
The orc priest barely misses you. The orc barely misses you. x2
The orc priest shouts, "Surrender to Beogh and we'll let you live!"
You hit the orc priest.
The orc priest is moderately wounded.
You completely miss the leopard gecko. You hit the orc.
You barely miss the orc.
The leopard gecko bites you but does no damage.
The orc priest closely misses you. You block the orc's attack.
The orc hits you with a +0 club. The leopard gecko barely misses you.
The orc priest calls down the wrath of Beogh upon you.
Pain shoots through your body!
* * * LOW HITPOINT WARNING * * *
You feel very mighty all of a sudden. The orc hits you but does no damage.
The leopard gecko bites you but does no damage.
You block the orc's attack.
The orc priest mumbles some strange prayers to Beogh against you.
Pain shoots through your body!
You die...

#...## #.. ###
##.### #.# .. #..#
#.# #.##.## #.# #
#..#.# #.# ..##
#.#.# #.# ....
#...## #.#
#..##...#...
..##..
#lo@l.......
......
#...roo........
.#.##.
...#.o#####.###.
...... . #.#
.##..# ##.... #.
......##..### .
##.#.....##† .
#.....<...) ##
#..#.##†###
#########..#....##


You could see an orc priest, 3 orcs, 2 leopard geckos and a rat.

Vanquished Creatures
  An orc wizard (D:3)
  3 adders (D:2)
  An ooze (D:2)
  2 worms
  A dart slug (D:2)
  5 orcs (D:3)
  3 giant cockroaches
  6 hobgoblins
  2 bats
  4 frilled lizards
  9 goblins
  6 kobolds
  10 rats
53 creatures vanquished.

Notes
Turn   | Place    | Note
-------+----------+-------------------------------------------
     0 | D:1      | Ijustatesigmund the Hill Orc Fighter began the quest for
                  | the Orb.
     0 | D:1      | Reached XP level 1. HP: 19/19 MP: 1/1
    30 | D:1      | Reached skill level 3 in Axes
   238 | D:1      | Reached XP level 2. HP: 25/26 MP: 2/2
   409 | D:1      | Reached skill level 4 in Axes
   871 | D:1      | You fall into a shaft and drop 1 floor!
  1132 | D:2      | Reached XP level 3. HP: 31/31 MP: 3/3
  1271 | D:2      | Reached skill level 5 in Axes
  1580 | D:2      | Reached XP level 4. HP: 40/40 MP: 4/4
  1862 | D:3      | Reached skill level 6 in Axes
  1880 | D:3      | Reached XP level 5. HP: 28/47 MP: 5/5
  2073 | D:3      | Killed from afar by an orc priest

Illustrated notes

Levels and vault maps discovered:
D:1:      sevenhm_arrival_forest_fort_small_3, layout_basic, serial_forest,
          infiniplex_forest_clump_C, infiniplex_forest_clump_long,
          infiniplex_forest_lined_corner, infiniplex_forest_clump_curved,
          infiniplex_forest_end_2, infiniplex_forest_clump_C,
          roderic_roman_lattice, kennysheep_doodads
D:2:      layout_loops_corners
D:3:      layout_rooms, nicolae_ru_awakened_eye

Skill      XL: |  1  2  3  4 |
---------------+-------------+-----
Axes           | 3 4 5 6 |  6.1
Fighting       | 4 |  4.4
Armour         | |  3.2
Shields        | |  3.2

Action                   |  1- 3 |  4- 6 || total
-------------------------+-------+-------++-------
Melee: War axe           |   124 |    47 ||   171
  Use: Scroll            |     8 |     1 ||     9
       Potion            |       |     1 ||     1
Armor: Scale mail        |    53 |    18 ||    71
Dodge: Dodged            |    30 |    13 ||    43
Block: Kite shield       |    58 |    27 ||    85

Table legend: (Time is in decaauts)
 A = Elapsed time spent in this place.
 B = Non-inter-level travel time spent in this place.
 C = Inter-level travel time spent in this place.
 D = Time resting spent in this place.
 E = Time spent auto-exploring this place.
 F = Levels seen in this place.
 G = Mean time per level.
                   A        B        C        D        E       F      G
               +--------+--------+--------+--------+--------+-----+--------+
         Total |   2129 |   2116 |     13 |     38 |   1696 |   3 |  709.7 |
       Dungeon |   2129 |   2116 |     13 |     38 |   1696 |   3 |  709.7 |
               +--------+--------+--------+--------+--------+-----+--------+

Top non-repeatable levels by time:
     D:2: 986 daAuts
     D:1: 893 daAuts
     D:3: 249 daAuts
